 Dungeon Crawl Stone Soup version 0.23.1 (webtiles) character file.

Game seed: 15984818187288032235

841 nuthulu the Cudgeler (level 7, -1/55 HPs)
             Began as a Demonspawn Gladiator on Mar 11, 2019.
             Was a Follower of Okawaru.
             Slain by an ogre
             ... wielding a +0 giant club
              (21 damage)
             ... on level 5 of the Dungeon.
             The game lasted 00:11:06 (6847 turns).

nuthulu the Cudgeler (Demonspawn Gladiator)         Turns: 6847, Time: 00:11:07

Health: -1/55      AC: 22    Str: 16    XL:     7   Next: 67%
Magic:  7/7        EV:  8    Int:  9    God:    Okawaru [*.....]
Gold:   216        SH:  4    Dex: 15    Spells: 6/6 levels left

rFire    . . .     SeeInvis .   t - +0 flail (protect)
rCold    . . .     Gourm    .   (no shield)
rNeg     . . .     Faith    .   o - +0 chain mail
rPois    +         Spirit   .   c - +1 helmet
rElec    .         Reflect  +   (no cloak)
rCorr    .         Harm     .   p - +0 pair of gloves
MR       .....                  (no boots)
Stlth    ..........             u - +4 amulet of reflection
HPRegen  0.18/turn              s - ring of poison resistance
MPRegen  0.10/turn              (no ring)

@: protection aura
A: iridescent scales 2, powered by pain 1, rot immunity
a: Heroism, Renounce Religion


You were on level 5 of the Dungeon.
You worshipped Okawaru.
Okawaru was aware of your devotion.
You were not hungry.

You visited 1 branch of the dungeon, and saw 5 of its levels.
You also visited: Sewer.

You collected 216 gold pieces.

Inventory:

Hand Weapons
 a - a +0 flail
 t - a +0 flail of protection (weapon)
Missiles
 d - 3 throwing nets (quivered)
Armour
 c - a +1 helmet (worn)
 o - a +0 chain mail (worn)
 p - a +0 pair of gloves (worn)
Jewellery
 s - a ring of poison resistance (left hand)
 u - a +4 amulet of reflection (around neck)
Wands
 n - a wand of polymorph (6)
Scrolls
 b - 2 scrolls of blinking
 h - 4 scrolls of remove curse
 m - a scroll of magic mapping
 x - a scroll of teleportation
Potions
 e - 2 potions of might
 g - a potion of resistance
 i - a potion of cancellation {unknown}
 j - 3 potions of invisibility
 k - 2 potions of flight {unknown}
 l - 4 potions of curing
 q - a potion of degeneration {unknown}
 v - a potion of ambrosia {unknown}
 z - a potion of magic {unknown}
Comestibles
 f - 5 rations
 r - 3 chunks of flesh


   Skills:
 + Level 4.6 Fighting
 * Level 6.2 Maces & Flails
 - Level 1.7 Throwing
 + Level 4.7 Dodging


You had 6 spell levels left.
You didn't know any spells.
Your spell library was empty.

Dungeon Overview and Level Annotations

Branches:
Dungeon (5/15)
 Temple: D:4-7

Altars:
Elyvilon
Okawaru
The Shining One


Innate Abilities, Weirdness & Mutations

You are mostly covered in iridescent scales. (AC +4)
You sometimes gain a little power by taking damage.
You are immune to rotting.


Message History

The ogre is severely wounded.
The ogre barely misses you.
You barely miss the ogre.
The ogre is severely wounded.
You completely miss the ogre.
The ogre is severely wounded.
The ogre hits you with a +0 giant club!
You barely miss the ogre.
The ogre is severely wounded.
The ogre hits you but does no damage.
You hit the ogre but do no damage.
The ogre is severely wounded.
The ogre barely misses you.
You hit the ogre.
The ogre is almost dead.
The ogre hits you with a +0 giant club!
You barely miss the ogre.
The ogre is almost dead.
The ogre hits you with a +0 giant club!!
You die...

#.# #.# #.# #.#
## #.# ####.
#.# .... #.#
.######.####รท#
..........O@.#
.....#.######
.## #..# #..#
...# .#.##
g.#.# #. #.# #g
..#


You could see an ogre.

Vanquished Creatures
  An ice beast (D:5)
  2 ogres (D:4)
  A centaur (D:5)
  A bullfrog skeleton (D:5)
  2 orc priests
  A jelly (D:5)
  2 orc wizards
  3 gnolls (D:5)
  A river rat (Sewer)
  14 adders
  A howler monkey skeleton (D:4)
  2 oozes
  3 worms
  3 dart slugs
  4 leopard geckos
  16 orcs
  7 giant cockroaches
  13 hobgoblins
  12 jackals
  4 kobolds
  2 quokkas
  4 ball pythons
  6 bats
  10 frilled lizards
  9 goblins
  9 rats
133 creatures vanquished.

Notes
Turn   | Place    | Note
-------+----------+-------------------------------------------
     0 | D:1      | nuthulu the Demonspawn Gladiator began the quest for the
                  | Orb.
     0 | D:1      | Reached XP level 1. HP: 16/16 MP: 1/1
   473 | D:1      | Reached skill level 3 in Maces & Flails
   526 | D:1      | Gained mutation: You are partially covered in iridescent
                  | scales. (AC +2) [demonic ancestry]
   526 | D:1      | Reached XP level 2. HP: 22/22 MP: 2/2
  1258 | D:1      | Reached XP level 3. HP: 28/28 MP: 3/3
  2268 | D:2      | Reached XP level 4. HP: 34/34 MP: 4/4
  2392 | D:2      | Found a white marble altar of Elyvilon.
  2539 | D:2      | Found an iron altar of Okawaru.
  2547 | D:2      | Became a worshipper of Warmaster Okawaru
  2748 | D:2      | Found an iron altar of Okawaru.
  3096 | D:3      | Reached skill level 4 in Maces & Flails
  3494 | D:3      | Gained mutation: You are immune to rotting. [demonic
                  | ancestry]
  3494 | D:3      | Reached XP level 5. HP: 35/41 MP: 5/5
  3657 | D:3      | Found a glowing golden altar of the Shining One.
  5047 | D:4      | Noticed an ogre
  5060 | D:4      | Killed an ogre
  5060 | D:4      | Reached skill level 5 in Maces & Flails
  5060 | D:4      | Gained mutation: You sometimes gain a little power by
                  | taking damage. [demonic ancestry]
  5060 | D:4      | Reached XP level 6. HP: 48/48 MP: 6/6
  5307 | D:4      | Reached * piety under Okawaru
  5829 | D:5      | Entered Level 5 of the Dungeon
  5829 | D:5      | Found a glowing drain.
  5863 | Sewer    | Entered a sewer
  6333 | D:5      | Gained mutation: You are mostly covered in iridescent
                  | scales. (AC +4) [demonic ancestry]
  6333 | D:5      | Reached XP level 7. HP: 41/54 MP: 7/7
  6681 | D:5      | Reached skill level 6 in Maces & Flails
  6847 | D:5      | Slain by an ogre

Skill      XL: |  1  2  3  4  5  6  7 |
---------------+----------------------+-----
Maces & Flails | 3 4 5 6 |  6.2
Dodging        | 3 4 |  4.7
Fighting       | 3 4 |  4.6
Throwing       | |  1.7

Action                   |  1- 3 |  4- 6 |  7- 9 || total
-------------------------+-------+-------+-------++-------
Melee: Flail             |   121 |   334 |    82 ||   537
Throw: Throwing net      |       |     2 |       ||     2
  Use: Scroll            |     5 |     6 |       ||    11
 Stab: Sleeping          |     1 |       |       ||     1
  Eat: Chunk             |     4 |    14 |     2 ||    20
Armor: Leather armour    |    39 |    30 |       ||    69
       Chain mail        |       |   136 |    51 ||   187
Dodge: Dodged            |    95 |   182 |    24 ||   301
Block: Other             |       |    24 |    10 ||    34
